 Dungeon Crawl Stone Soup version 0.31-a0-354-g827e0957a7 (webtiles) character file.

Game seed: 3602988266189985769

5166 AdnanSaban the Basher (level 10, 0/64 HPs)
             Began as a Gargoyle Fighter on July 24, 2023.
             Was a Priest of Okawaru.
             Slain by an unseen horror (4 damage)
             ... on level 9 of the Dungeon.
             The game lasted 00:12:11 (9606 turns).

AdnanSaban the Basher (Gargoyle Fighter)            Turns: 9606, Time: 00:12:11

Health: 0/64       AC: 18    Str: 24    XL:     10   Next: 59%
Magic:  8/10       EV: 12    Int:  9    God:    Okawaru [***...]
Gold:   626        SH:  6    Dex:  9    Spells: 9/9 levels left

rFire   . . .        y - +2 morningstar (freeze)
rCold   . . .        c - +0 buckler
rNeg    + . .        b - +0 scale mail
rPois   ∞            (no helmet)
rElec   +            (no cloak)
rCorr   .            k - +0 pair of gloves
SInv    .            (no boots)
Will    .....        (no amulet)
Stlth   +            (no ring)
HPRegen 0.30/turn    (no ring)
MPRegen 0.12/turn

%: no passive effects
@: heroic
A: sickness immunity, AC +7, negative energy resistance 1, electricity
resistance, torment resistance 1, petrification resistance
a: Renounce Religion, Heroism


You were on level 9 of the Dungeon.
You worshipped Okawaru.
Okawaru was most pleased with you.
You visited 2 branches of the dungeon, and saw 10 of its levels.
You also visited: Sewer.

You collected 626 gold pieces.

Inventory:

Hand Weapons
 y - a +2 morningstar of freezing (weapon)
Missiles
 v - a silver boomerang (quivered)
Armour
 b - a +0 scale mail (worn)
 c - a +0 buckler (worn)
 k - a +0 pair of gloves (worn)
Jewellery
 o - a ring of fire
 u - a ring of fire
 z - a ring of willpower
Wands
 x - a wand of polymorph (8)
Scrolls
 e - 3 scrolls of enchant armour {unknown}
 f - 2 scrolls of fear {unknown}
 h - 4 scrolls of identify {unknown}
 j - 2 scrolls of enchant weapon {unknown}
 l - a scroll of fog {unknown}
 p - 2 scrolls of brand weapon {unknown}
 q - a scroll of teleportation {unknown}
 t - 3 scrolls of revelation {unknown}
 w - 2 scrolls of vulnerability {unknown}
Potions
 a - a potion of lignification {unknown}
 d - 2 potions of might
 g - 2 potions of heal wounds {unknown}
 i - 4 potions of curing
 m - a potion of attraction {unknown}
 n - a potion of degeneration {unknown}
 r - a potion of brilliance {unknown}
 s - 2 potions of berserk rage


   Skills:
 + Level 7.7(12.7) Fighting
 + Level 10.3(15.3) Maces & Flails
 + Level 1.6(6.6) Throwing
 + Level 7.8(12.8) Armour
 + Level 3.9(8.9) Dodging
 + Level 6.3(11.3) Shields


You had 9 spell levels left.
You didn't know any spells.
Your spell library contained the following spells:

 Spells                   Type           Power      Damage    Failure   Level
 Apportation              Tloc           0%         N/A       65%         1
 Shock                    Conj/Air       0%         1d3       65%         1
 Ignite Poison            Fire/Tmut/Pois 0%         N/A       95%         3
 Swiftness                Air            0%         N/A       95%         3
 Airstrike                Air            0%         2d(0-16)  100%        4
 Alistair's Intoxication  Tmut/Pois      0%         N/A       100%        5
 Freezing Cloud           Conj/Ice/Air   0%         6-21      100%        5
 Cigotuvi's Dreadful Rot  Necr/Pois/Air  Unusable   N/A       N/A         2

Dungeon Overview and Level Annotations

Branches:
Dungeon (9/15)             Temple (1/1) D:4           Sewer (visited)
   Lair: D:8-11         Orc: D:9-12

Altars:
Ashenzari
Cheibriados
Dithmenos
Elyvilon
Fedhas
Gozag
Hepliaklqana
Kikubaaqudgha
Makhleb
Nemelex Xobeh
Okawaru
Qazlal
Ru
Sif Muna
Trog
Uskayaw
Vehumet
Wu Jian
Xom
Yredelemnul
Zin
The Shining One

Shops:
D:5 !

Annotations:
D:3 2 transporters, blacky4's ghost, amateur OpSh


Innate Abilities, Weirdness & Mutations

You are immune to sickness and miasma.
Your stone body is resilient. (AC +7)
You are immune to poison.
You resist negative energy. (rN+)
You are resistant to electric shocks. (rElec)
You are resistant to unholy torment.
You are immune to petrification.


Message History

The killer bee barely misses you.
The killer bee attacks as you move away!
The killer bee misses you.
The killer bee stings you but does no damage.
Something hits you.
Deactivating autopickup; reactivate with Ctrl-A.
The killer bee stings you but does no damage.
The killer bee stings you but does no damage.
The killer bee attacks as you move away!
The killer bee barely misses you. Something hits you but does no damage.
You are too injured to fight recklessly!
Something hits you. Something hits you but does no damage.
You are too injured to fight recklessly!
Unknown command.
Something hits you but does no damage. The killer bee stings you!
* * * LOW HITPOINT WARNING * * *
You miss the killer bee.
The killer bee is heavily wounded.
Something hits you!
* * * LOW HITPOINT WARNING * * *
The killer bee stings you.
* * * LOW HITPOINT WARNING * * *
You block something's attack. The killer bee barely misses you.
You miss the killer bee.
The killer bee is heavily wounded.
Something hits you but does no damage. You block the killer bee's attack.
You gain the combat prowess of a mighty hero.
You can no longer speed up your combat.
Something hits you.
* * * LOW HITPOINT WARNING * * *
The killer bee barely misses you.
The killer bee stings you but does no damage.
You closely miss the killer bee.
The killer bee is heavily wounded.
Something hits you but does no damage. The killer bee misses you.
Something hits you but does no damage. The killer bee closely misses you.
You miss the killer bee.
The killer bee is heavily wounded.
You block the killer bee's attack. Something hits you.
You die...

.##.# '#.## #
###...# . ..o8o#
# #. #.o.#
#.#.########o#
#........)))o###
##....).))))).#.+
......).).))..#@#
##....)......oy.#
#...........o###
#.....$......#
##############


You could see a killer bee and 2 orcs.

Vanquished Creatures
  A two-headed ogre (D:8)
  A hornet (D:8)
  3 slime creatures
  A steam dragon (D:6)
  2 water moccasins
  3 black bears
  An orc warrior (D:8)
  An ice beast (D:5)
  A sky beast (D:7)
  4 ogres
  4 centaurs
  A phantom (D:5)
  3 bullfrogs
  2 gnoll sergeants
  4 scorpions
  5 wights (D:7)
  A killer bee (D:9)
  3 howler monkeys
  2 jellies
  12 orc priests
  6 hounds
  2 iguanas
  2 sleepcaps
  8 orc wizards
  12 gnolls
  9 adders
  A shadow imp (D:7)
  2 white imps
  5 worms
  50 orcs
  8 ball pythons
  9 bats
  6 endoplasms
  5 giant cockroaches
  3 goblins
  9 hobgoblins
  6 jackals
  15 kobolds
  3 quokkas
  7 frilled lizards
  8 rats
231 creatures vanquished.

Notes
Turn   | Place    | Note
-------+----------+-------------------------------------------
     0 | D:1      | AdnanSaban the Gargoyle Fighter began the quest for the
                  | Orb.
     0 | D:1      | Reached XP level 1. HP: 14/14 MP: 1/1
   120 | D:1      | Reached XP level 2. HP: 18/19 MP: 2/2
   418 | D:1      | Reached XP level 3. HP: 9/24 MP: 3/3
   872 | D:1      | Reached skill level 3 in Maces & Flails
  1320 | D:2      | Reached XP level 4. HP: 29/29 MP: 4/4
  2027 | D:3      | Reached XP level 5. HP: 17/33 MP: 5/5
  2266 | D:3      | Found a transporter.
  2412 | D:3      | Found a transporter.
  2426 | D:3      | Identified the -1 buckler "Rekovud" {rN+}
  2590 | D:3      | Reached skill level 4 in Maces & Flails
  2738 | D:3      | Noticed blacky4's ghost (amateur OpSh)
  3134 | D:4      | Reached skill level 1 in Dodging
  3134 | D:4      | Reached XP level 6. HP: 35/38 MP: 6/6
  3306 | D:4      | Found a staircase to the Ecumenical Temple.
  3318 | Temple   | Entered the Ecumenical Temple
  3337 | D:4      | Noticed a black bear
  3349 | D:4      | Killed a black bear
  3586 | D:3      | Reached skill level 5 in Maces & Flails
  3777 | D:4      | Reached XP level 7. HP: 35/44 MP: 7/7
  4614 | D:5      | Entered Level 5 of the Dungeon
  4650 | D:5      | Reached skill level 5 in Armour
  4740 | D:5      | Found an ancient bone altar of Kikubaaqudgha.
  4740 | D:5      | Found a shimmering altar of Xom.
  4826 | D:5      | Found Zuath's Distillery.
  4912 | D:5      | Reached skill level 6 in Maces & Flails
  4938 | D:4      | Reached skill level 5 in Fighting
  4938 | D:4      | Reached XP level 8. HP: 25/49 MP: 8/8
  5077 | D:5      | Found a glowing drain.
  5102 | Sewer    | Entered a sewer
  5154 | Sewer    | Reached skill level 5 in Shields
  5256 | D:5      | Found an opulent altar of Gozag.
  5290 | D:5      | Found an iron altar of Okawaru.
  5293 | D:5      | Found a sparkling altar of Nemelex Xobeh.
  5302 | D:5      | Became a worshipper of Warmaster Okawaru
  5341 | D:5      | Found a bloodstained altar of Trog.
  5348 | D:5      | Found a glowing silver altar of Zin.
  5675 | D:6      | Reached skill level 7 in Maces & Flails
  5760 | D:6      | Reached * piety under Okawaru
  5761 | D:6      | Reached XP level 9. HP: 17/55 MP: 9/9
  6162 | D:6      | Identified the +2 arbalest of Doom {drain, rElec Int+3
                  | Dex+4}
  6354 | D:6      | Found a glowing golden altar of the Shining One.
  7353 | D:7      | Reached skill level 8 in Maces & Flails
  7412 | D:7      | Found a blossoming altar of Fedhas.
  7935 | D:7      | Reached ** piety under Okawaru
  7936 | D:7      | Reached skill level 1 in Throwing
  8378 | D:7      | Reached skill level 9 in Maces & Flails
  8378 | D:7      | Reached XP level 10. HP: 11/61 MP: 10/10
  8591 | D:8      | Reached *** piety under Okawaru
  8738 | D:8      | Noticed a two-headed ogre
  8748 | D:8      | Killed a two-headed ogre
  9308 | D:8      | Reached skill level 10 in Maces & Flails
  9581 | D:9      | Reached **** piety under Okawaru
  9606 | D:9      | Slain by an unseen horror

Illustrated notes

Levels and vault maps discovered:
D:1:      psy_arrival_conway, layout_basic
D:2:      layout_loops_ring
D:3:      layout_basic, gammafunk_ghost_gnarly_gnolls
D:4:      layout_basic, minmay_temple_entry_stoned_glass, grunt_ministairs_8,
          minmay_door_square
D:5:      layout_basic, nicolae_overflow_hallway_of_the_gods,
          lemuel_crystal_altar, serial_shops, shop, portal_sewer_entry_a
D:6:      layout_rooms, nicolae_tso_swordbearing_angel, kennysheep_small_spiral,
          minmay_fountain_box
D:7:      layout_loops_corners, fedhas_bush_and_centaur_altar,
          amcnicky_mini_pool_medium
D:8:      layout_basic, minmay_misc_feat_hallway
D:9:      layout_roguey, hiddenorc2_lemuel
Temple:   nicolae_temple_god_jail

Skill      XL: |  1  2  3  4  5  6  7  8  9 10 |
---------------+-------------------------------+-----
Maces & Flails | 3 4 5 6 7 9 10 | 10.3
Armour         | 4 5 6 7 |  7.8
Fighting       | 4 5 6 7 |  7.7
Dodging        | 1 2 3 |  3.9
Shields        | 4 5 6 |  6.3
Throwing       | 1 |  1.6

Action                     |  1- 3 |  4- 6 |  7- 9 | 10-12 || total
---------------------------+-------+-------+-------+-------++-------
  Melee: Flail             |   123 |   220 |   385 |       ||   728
         Morningstar       |       |       |    41 |   140 ||   181
  Throw: Boomerang         |       |       |    17 |       ||    17
 Invoke: Heroism           |       |       |       |     1 ||     1
    Use: Potion            |       |       |     1 |       ||     1
 Armour: Scale mail        |    54 |   181 |   347 |   100 ||   682
  Dodge: Dodged            |    52 |   146 |   268 |   104 ||   570
  Block: Buckler           |    28 |    53 |   144 |    45 ||   270

Table legend: (Time is in decaauts)
 A = Elapsed time spent in this place.
 B = Non-inter-level travel time spent in this place.
 C = Inter-level travel time spent in this place.
 D = Time resting spent in this place.
 E = Time spent auto-exploring this place.
 F = Levels seen in this place.
 G = Mean time per level.
                   A        B        C        D        E       F      G
               +--------+--------+--------+--------+--------+-----+--------+
         Total |   9762 |   9342 |    420 |   1243 |   6063 |  11 |  887.5 |
       Dungeon |   9623 |   9203 |    420 |   1243 |   5987 |   9 | 1069.2 |
        Temple |      1 |      1 |      0 |      0 |      0 |   1 |    1.0 |
         Sewer |    136 |    136 |      0 |      0 |     76 |   1 |  136.0 |
               +--------+--------+--------+--------+--------+-----+--------+

Top non-repeatable levels by time:
     D:4: 1603 daAuts
     D:7: 1480 daAuts
     D:3: 1429 daAuts
     D:5: 1313 daAuts
     D:8: 1050 daAuts
     D:1: 999 daAuts
     D:2: 855 daAuts
     D:6: 763 daAuts
   Sewer: 136 daAuts
     D:9: 128 daAuts
  Temple: 1 daAuts
